Map: Green Acres

Players

A.I. 1 (Hard)

  • Race: Zerg Zerg
  • Spawn Location: 6:00

larsgj - Winner!

  • Race: Terran Terran
  • Spawn Location: 12:00

VOD

Have the link to the VOD?

Description

Time

  • Played on: April 14, 2019, 11:28 a.m.
  • Length: 22:35
Show
View Real Time Build Order
Export as new Build Order

A.I. 1 (Hard) Zerg 

Build Orders: 1 Base Baneling Bust, Pool First 

Get SALT Encoding   

  12  0:00  Drone  
  13  0:12  Overlord  
  13  0:17  Drone  
  14  0:30  Drone  
  14  0:32  Drone  
  16  0:43  Spawning Pool  
  16  0:44  Drone  
  16  0:48  Drone  
  17  0:51  Extractor  
  17  0:55  Drone  
  17  1:06  Overlord  
  17  1:31  Zergling x2  
  17  1:32  Queen  
  20  1:34  Roach Warren  
  20  1:36  Zergling x2  
  20  1:38  Drone  
  20  1:39  Extractor  
  20  1:49  Drone  
  21  2:00  Drone  
  22  2:10  Overlord  
  22  2:21  Drone  
  23  2:32  Roach  
  25  2:39  Roach, Drone, Overlord  
  25  2:44  Drone  
  29  2:54  Drone  
  29  2:55  Ravager  
  31  3:02  Ravager  
  31  3:05  Roach  
  34  3:11  Roach, Overlord, Drone  
  37  3:17  Drone  
  38  3:26  Baneling Nest  
  37  3:28  Drone  
  38  3:35  Evolution Chamber  
  38  3:38  Roach  
  39  3:42  Drone  
  39  3:43  Roach  
  39  3:44  Drone  
  43  3:50  Drone  
  44  4:33  Overlord, Lair  
  44  4:34  Zerg Melee Weapons Level 1  
  44  4:36  Evolution Chamber  
  44  4:37  Drone  
  44  5:02  Zerg Missile Weapons Level 1  
  44  5:10  Roach  
  44  5:19  Zergling x2  
  42  5:27  Roach  
  44  5:30  Spore Crawler  
  44  5:32  Burrow  
  44  5:33  Hydralisk Den  
  44  5:34  Drone, Spore Crawler  
  44  5:35  Drone  
  43  5:36  Roach  
  45  5:44  Roach  
  45  5:48  Overlord  
  47  5:53  Overseer  
  47  6:01  Overseer  
  47  6:02  Hydralisk, Spine Crawler  
  48  6:09  Drone, Spine Crawler  
  48  6:11  Hydralisk  
  50  6:19  Hydralisk  
  50  6:24  Hatchery, Infestation Pit  
  50  6:28  Hydralisk, Zerg Ground Armor Level 1  
  52  6:39  Drone  
  53  6:42  Drone, Queen  
  56  7:02  Spire  
  56  7:03  Drone  
  56  7:36  Queen, Drone  
  59  7:38  Drone  
  59  7:39  Drone  
  59  7:41  Drone  
  59  7:42  Drone  
  59  7:44  Drone  
  64  7:49  Drone  
  65  7:52  Extractor  
  65  7:54  Drone  
  65  7:55  Spore Crawler  
  65  7:57  Drone  
  65  7:59  Spore Crawler  
  65  8:00  Drone  
  65  8:03  Drone  
  66  8:07  Drone  
  66  8:10  Drone  
  68  8:14  Overlord  
  68  8:18  Drone  
  69  8:20  Drone  
  69  8:24  Drone  
  69  8:26  Drone  
  72  8:29  Drone  
  72  8:31  Drone  
  72  8:33  Drone  
  75  8:37  Overlord  
  75  8:47  Hive  
  75  8:57  Corruptor  
  76  9:15  Infestor  
  73  9:23  Extractor  
  62  9:26  Zergling x2  
  62  9:27  Pneumatized Carapace  
  63  9:42  Overseer  
  63  9:51  Overseer  
  63  9:53  Drone  
  63  9:56  Drone  
  63  9:57  Drone  
  63  9:59  Greater Spire  
  66  10:00  Hatchery  
  65  10:13  Drone  
  66  10:15  Drone  
  66  10:21  Overlord  
  67  10:28  Corruptor  
  69  10:39  Corruptor  
  71  10:51  Infestor  
  73  11:01  Spine Crawler  
  72  11:05  Spine Crawler  
  72  11:06  Zerg Melee Weapons Level 2  
  71  11:13  Brood Lord  
  71  11:14  Drone, Brood Lord  
  71  11:15  Drone  
  71  11:16  Corruptor  
  71  11:17  Drone  
  81  11:18  Drone  
  81  11:20  Drone  
  81  11:21  Overlord, Drone  
  81  11:22  Drone  
  81  11:24  Extractor x2, Drone  
  83  11:25  Drone  
  83  11:27  Drone, Corruptor  
  83  11:28  Drone  
  83  11:30  Drone  
  83  11:31  Drone  
  90  11:33  Drone  
  90  11:34  Drone  
  90  11:36  Drone  
  90  11:37  Drone  
  90  11:38  Brood Lord  
  90  11:39  Overlord, Corruptor, Drone  
  99  11:41  Drone  
  99  11:42  Drone  
  101  11:54  Brood Lord, Zerg Ground Armor Level 2  
  101  11:59  Overlord  
  101  12:01  Corruptor  
  105  12:14  Overseer  
  105  12:17  Overlord  
  105  12:18  Spore Crawler  
  105  12:20  Drone  
  105  12:23  Pathogen Glands  
  105  12:24  Spore Crawler  
  105  12:26  Drone  
  105  12:28  Queen  
  107  12:30  Zerg Flyer Weapons Level 1  
  107  12:42  Overlord  
  107  12:44  Ultralisk Cavern  
  106  13:08  Overlord  
  106  13:22  Zerg Missile Weapons Level 2, Overseer  
  106  13:27  Overlord, Zergling x2  
  106  13:33  Ultralisk  
  104  13:39  Hydralisk  
  92  13:45  Hydralisk  
  92  13:46  Drone  
  95  13:52  Hydralisk  
  97  13:59  Ultralisk  
  103  14:06  Ultralisk  
  109  14:10  Overlord  
  109  14:12  Ultralisk  
  115  14:18  Ultralisk  
  121  14:24  Hydralisk  
  121  14:29  Overlord  
  121  14:31  Hydralisk  
  123  14:36  Spine Crawler  
  123  14:37  Hydralisk, Drone  
  123  14:38  Zerg Flyer Armor Level 1  
  127  14:39  Spine Crawler  
  127  14:40  Drone  
  127  14:44  Infestor  
  129  14:50  Zerg Melee Weapons Level 3  
  129  14:51  Ultralisk  
  135  15:31  Chitinous Plating  
  135  15:32  Hatchery  
  134  15:38  Zerg Ground Armor Level 3  
  134  16:44  Queen, Drone  
  137  16:50  Extractor  
  137  16:51  Drone  
  137  16:52  Spore Crawler  
  137  16:53  Drone  
  137  16:55  Spore Crawler  
  137  16:56  Drone, Spore Crawler  
  137  16:57  Drone  
  137  16:58  Extractor  
  137  17:00  Drone  
  137  17:10  Overlord, Overseer  
  137  17:14  Queen  
  137  17:15  Hydralisk  
  137  17:16  Drone, Overseer  
  137  17:20  Spine Crawler  
  137  17:21  Hydralisk  
  137  17:22  Spine Crawler  
  121  17:23  Drone  
  121  17:24  Drone  
  121  17:26  Drone, Spore Crawler  
  121  17:28  Drone, Zergling x2  
  121  17:29  Overlord  
  104  17:30  Drone  
  104  17:32  Drone, Spore Crawler  
  104  17:34  Hydralisk, Drone  
  104  17:35  Drone  
  95  17:37  Drone  
  95  17:38  Drone  
  95  17:40  Drone  
  94  17:47  Drone, Ultralisk  
  94  17:48  Hatchery  
  94  17:49  Drone  
  94  17:50  Drone  
  91  17:52  Hydralisk, Drone  
  91  17:53  Drone  
  91  17:58  Drone  
  79  17:59  Drone  
  79  18:00  Ultralisk  
  79  18:01  Drone, Spine Crawler  
  79  18:02  Drone  
  79  18:04  Drone, Zergling x2  
  87  18:08  Overlord, Zergling x2  
  87  18:12  Zergling x2  
  87  18:17  Drone  
  87  18:18  Spire  
  80  18:22  Overlord  
  80  18:25  Overseer  
  76  18:28  Ultralisk  
  80  18:38  Hydralisk Den  
  80  18:40  Ultralisk, Overseer  
  81  18:42  Overlord  
  81  18:47  Zergling x2, Evolution Chamber  
  81  18:48  Drone  
  74  18:49  Spine Crawler  
  74  18:50  Drone  
  74  18:53  Ultralisk  
  80  18:59  Drone  
  80  19:01  Overlord, Overseer, Drone  
  80  19:02  Drone  
  83  19:06  Hydralisk  
  83  19:07  Ultralisk  
  85  19:13  Hydralisk  
  85  19:15  Ultralisk  
  87  19:19  Overlord, Infestor, Overseer, Drone  
  87  19:20  Drone  
  91  19:26  Hydralisk  
  93  19:32  Hydralisk  
  93  19:37  Overlord, Drone  
  96  19:38  Hydralisk  
  96  19:39  Drone  
  96  19:40  Drone  
  96  19:41  Drone  
  96  19:43  Drone  
  96  19:45  Hydralisk  
  102  19:46  Drone  
  102  19:51  Hydralisk  
  99  19:56  Overlord, Zergling x2  
  99  19:59  Zergling x2  
  98  20:02  Hydralisk  
  94  20:11  Spawning Pool  
  94  20:13  Hydralisk  
  96  20:14  Overlord  
  96  20:17  Hydralisk  
  88  20:30  Hydralisk  
  88  20:35  Drone x2  
  86  20:41  Hydralisk  
  86  20:46  Overlord  
  69  21:00  Zergling x2, Lair  
  69  21:04  Zergling x2  
  69  21:07  Zergling x2  
  69  21:10  Drone  
  58  21:11  Zergling x2  
  58  21:15  Zergling x2  
  60  21:18  Zergling x2  
  60  21:21  Overlord  
  37  22:04  Hatchery  
  36  22:16  Drone, Hatchery  
  36  22:20  Drone  
  36  22:21  Drone  
  31  22:22  Drone  
Show
View Real Time Build Order
Export as new Build Order

larsgj Terran - Winner!

Build Orders:  

Get SALT Encoding   

  12  0:03  SCV  
  13  0:15  SCV  
  13  0:19  Supply Depot  
  14  0:27  SCV  
  15  0:42  Barracks  
  15  0:48  SCV  
  16  0:59  Barracks  
  16  1:00  SCV  
  17  1:04  Supply Depot  
  17  1:12  SCV  
  18  1:26  Supply Depot  
  18  1:31  SCV  
  18  1:32  Marine  
  20  1:45  SCV  
  21  1:49  Engineering Bay  
  21  1:50  Marine  
  21  1:51  Refinery  
  22  1:57  SCV  
  22  1:58  Refinery  
  22  1:59  Marine  
  24  2:09  SCV  
  24  2:13  Marine  
  26  2:17  Marine  
  27  2:25  SCV  
  28  2:30  Marine  
  28  2:34  Marine  
  30  2:37  SCV  
  31  2:44  Bunker  
  31  2:48  Marine  
  32  2:52  Marine  
  33  3:04  SCV  
  34  3:06  Marine  
  34  3:10  Marine  
  34  3:11  Terran Infantry Weapons Level 1  
  36  3:16  Bunker  
  36  3:24  Marine  
  37  3:36  Supply Depot  
  37  3:48  Bunker  
  37  3:57  Marine x2  
  37  3:59  Supply Depot  
  39  4:15  Marine  
  40  4:27  Command Center  
  40  4:56  Command Center  
  40  5:05  Terran Infantry Armor Level 1  
  39  5:24  Marine x2  
  41  5:41  Marine  
  41  5:42  Marine  
  43  5:46  Factory  
  43  5:49  SCV  
  44  5:59  Marine x2  
  44  6:01  SCV  
  47  6:10  SCV  
  48  6:13  SCV  
  48  6:17  Marine x2  
  51  6:19  Planetary Fortress  
  51  6:22  SCV  
  51  6:25  SCV  
  53  6:34  SCV  
  53  6:35  Marine x2  
  53  6:37  SCV  
  57  6:46  SCV  
  58  6:49  SCV  
  59  6:56  Marine  
  59  6:57  Marine  
  59  6:58  SCV  
  59  6:59  Hi-Sec Auto Tracking  
  62  7:01  SCV  
  62  7:07  Supply Depot  
  63  7:10  SCV  
  63  7:13  SCV  
  63  7:14  Marine  
  63  7:15  Marine  
  67  7:22  SCV  
  68  7:25  SCV  
  69  7:30  Barracks, Supply Depot  
  69  7:32  Marine  
  69  7:33  Marine  
  69  7:34  SCV  
  72  7:37  SCV  
  73  7:47  Refinery  
  73  7:50  SCV, Refinery, Marine  
  75  7:53  Supply Depot  
  75  7:54  Refinery  
  75  7:56  SCV, Neosteel Armor  
  75  7:57  Refinery  
  76  8:02  SCV  
  76  8:03  Missile Turret  
  77  8:08  SCV  
  78  8:14  SCV  
  79  8:21  SCV  
  79  8:23  Missile Turret  
  79  8:26  SCV  
  81  8:30  Barracks  
  81  8:33  SCV  
  82  8:37  Missile Turret  
  82  8:44  Missile Turret  
  82  8:45  SCV  
  83  9:00  Missile Turret  
  83  9:03  Armory  
  83  9:05  Missile Turret  
  79  9:20  Missile Turret  
  77  9:27  Missile Turret  
  77  9:31  Bunker  
  77  9:42  Missile Turret  
  77  9:47  Missile Turret  
  77  9:51  Missile Turret  
  77  9:52  SCV  
  78  9:56  SCV  
  79  10:02  Missile Turret  
  79  10:04  SCV, Bunker  
  80  10:08  SCV  
  80  10:10  Missile Turret  
  81  10:16  SCV  
  81  10:20  SCV  
  83  10:21  Starport  
  83  10:23  Missile Turret  
  83  10:28  SCV  
  83  10:29  Starport  
  83  10:30  Missile Turret  
  83  10:32  SCV  
  83  10:33  Starport  
  85  10:40  SCV, Terran Vehicle Weapons Level 1  
  85  10:42  Terran Infantry Weapons Level 2  
  86  10:43  Missile Turret  
  86  10:44  SCV  
  87  10:50  Missile Turret  
  87  11:05  Missile Turret  
  87  11:10  Missile Turret  
  87  11:31  Missile Turret  
  90  11:49  Barracks Tech Lab  
  90  11:52  Missile Turret, Barracks Tech Lab  
  88  11:56  Barracks Tech Lab  
  88  12:00  Starport Tech Lab x2  
  88  12:01  Starport Tech Lab  
  87  12:10  Fusion Core  
  87  12:12  Missile Turret  
  87  12:14  Missile Turret  
  87  12:17  Missile Turret  
  87  12:21  Missile Turret  
  87  12:34  Missile Turret, Terran Vehicle And Ship Armor Level 1  
  87  12:37  Combat Shield  
  87  12:42  Missile Turret  
  87  12:43  Concussive Shells  
  87  12:47  Marauder x3  
  93  12:54  Missile Turret  
  93  13:01  Stimpack  
  93  13:03  Battlecruiser x2, Missile Turret  
  105  13:08  Marauder x2  
  109  13:13  Supply Depot  
  109  13:19  Terran Infantry Armor Level 2  
  109  13:20  Supply Depot  
  109  13:23  Missile Turret  
  109  13:25  Supply Depot  
  109  13:35  Battlecruiser, Supply Depot, Marauder  
  116  13:42  Marauder x2, Supply Depot  
  116  13:44  Missile Turret  
  116  13:48  Supply Depot  
  120  13:57  Supply Depot  
  120  14:03  Marauder  
  120  14:05  Supply Depot  
  120  14:07  Battlecruiser x2  
  120  14:08  Missile Turret  
  134  14:10  Supply Depot  
  134  14:12  Missile Turret  
  134  14:13  Missile Turret  
  134  14:14  Missile Turret  
  134  14:28  Terran Ship Weapons Level 1, Supply Depot  
  134  14:32  Missile Turret  
  134  14:33  Supply Depot  
  134  14:34  Missile Turret  
  134  14:37  Missile Turret  
  134  14:39  Battlecruiser  
  140  14:50  Supply Depot  
  140  15:03  Weapon Refit  
  140  15:11  Battlecruiser x2  
  152  15:43  Orbital Command, Battlecruiser  
  152  15:45  Orbital Command  
  158  16:03  Terran Infantry Weapons Level 3  
  158  16:10  Command Center  
  158  16:16  Battlecruiser  
  164  16:20  Command Center  
  164  16:22  Terran Vehicle Weapons Level 2  
  164  16:47  Battlecruiser  
  170  16:55  Battlecruiser  
  128  18:38  Terran Vehicle And Ship Armor Level 2  
  128  18:40  Terran Infantry Armor Level 3  
  128  18:43  Battlecruiser  
  128  18:44  Battlecruiser x2  
  146  18:57  Marine x3  
  149  19:15  Marine x3  
  152  19:25  Missile Turret  
  152  19:32  Missile Turret  
  152  19:33  Marine x2, Missile Turret  
  152  19:34  Missile Turret  
  152  19:35  Missile Turret  
  152  19:37  Missile Turret  
  154  19:45  Missile Turret  
  154  19:47  Battlecruiser  
  154  19:48  Battlecruiser x2  
  172  19:57  Missile Turret  
  172  19:58  Missile Turret  
  171  20:52  Battlecruiser  
Tags
 
Add a new tag
Caveats
  • Supply blocks, unpowered buildings, or Contaminate may cause inaccurate times.
  • Supply counts are checked every 10 seconds.